 Dungeon Crawl Stone Soup version 0.27-a0-1200-g94dc6ad4cf (webtiles) character file.

Game seed: 13011471105228132089

63 robertstho the Skirmisher (level 3, 0/52 HPs)
             Began as a Minotaur Berserker on June 1, 2021.
             Was a Believer of Trog.
             Succumbed to an adder's poison
             ... on level 2 of the Dungeon.
             The game lasted 00:01:41 (1714 turns).

robertstho the Skirmisher (Minotaur Berserker)      Turns: 1714, Time: 00:01:41

Health: 0/52       AC:  2    Str: 21    XL:     3   Next: 89%
Magic:  2/2        EV: 12    Int:  5    God:    Trog [**....]
Gold:   35         SH:  0    Dex:  9    Spells: 2/2 levels left

rFire    . . .     SeeInvis .   a - +0 falchion
rCold    . . .     Faith    .   (no shield)
rNeg     . . .     Spirit   .   b - +0 animal skin
rPois    .         Reflect  .   (helmet restricted)
rElec    .         Harm     .   (no cloak)
rCorr    .         Rampage  .   (no gloves)
Will     .....                  (no boots)
Stlth    ..........             (no amulet)
HPRegen  0.17/turn              (no ring)
MPRegen  0.08/turn              (no ring)

@: berserking, lethally poisoned (0 -> -5), very quick
A: horns 2, retaliatory headbutt
a: Renounce Religion, Berserk, Trog's Hand


You were on level 2 of the Dungeon.
You worshipped Trog.
Trog was pleased with you.
You visited 1 branch of the dungeon, and saw 2 of its levels.

You collected 35 gold pieces.

Inventory:

Hand Weapons
 a - a +0 falchion (weapon)
Armour
 b - a +0 animal skin (worn)
Jewellery
 g - a +6 ring of intelligence
Scrolls
 e - a scroll of teleportation {unknown}
 f - a scroll of identify {unknown}
 h - a scroll of magic mapping {unknown}
Potions
 c - a potion of flight {unknown}
 d - a potion of curing {unknown}
 i - a potion of haste {unknown}


   Skills:
 * Level 4.8 Fighting
 + Level 4.3 Long Blades
 * Level 3.1 Armour
 + Level 2.5 Dodging


You had 2 spell levels left.
You didn't know any spells.
Your spell library was empty.

Dungeon Overview and Level Annotations

Branches:
Dungeon (2/15)

Altars:


Innate Abilities, Weirdness & Mutations

You have a pair of horns on your head.
You reflexively headbutt those who attack you in melee.


Message History

You feel yourself moving faster!
You feel mighty!
You feel sick. The adder barely misses you.
The giant cockroach bites you but does no damage.
The bat hits you but does no damage. The adder bites you.
You are more poisoned.
The adder poisons you! The endoplasm freezes you.
You are frozen.
The giant cockroach bites you but does no damage.
You closely miss the adder. Your headbutt misses the adder.
You feel sick. The bat hits you.
* * * LOW HITPOINT WARNING * * *
The adder bites you.
* * * LOW HITPOINT WARNING * * *
You slash the adder!
You kill the adder!
Trog accepts your kill.
* * * LOW HITPOINT WARNING * * *
You feel sick.
The giant cockroach bites you but does no damage.
The endoplasm hits you.
* * * LOW HITPOINT WARNING * * *
You slash the giant cockroach!
You kill the giant cockroach!
Trog accepts your kill.
* * * LOW HITPOINT WARNING * * *
You feel sick. The bat closely misses you. The endoplasm freezes you.
You are frozen.
* * * LOW HITPOINT WARNING * * *
You slash the endoplasm!
You kill the endoplasm!
Trog accepts your kill.
* * * LOW HITPOINT WARNING * * *
You feel sick. The bat barely misses you.
Unknown command.
You hit the bat.
You kill the bat!
Trog accepts your kill.
You die...

≈...≈≈..≈..≈≈≈#
≈.?≈..≈..≈..≈≈≈
≈..≈..≈⌠.≈...≈≈
≈≈...≈.⌠≈..≈..≈≈
≈≈≈..≈..≈..≈..≈≈
#≈≈≈..≈..≈≈...≈#
#.≈..≈)†.....#
#..≈≈.†@.....#
##............##
#..............#
######...#####..
.......†## #
..#####.######.#
#.........<....#
#######.#.######
........#...<#


There were no monsters in sight!

Vanquished Creatures
  An adder (D:2)
  A worm (D:2)
  3 dart slugs (D:1)
  4 endoplasms
  4 giant cockroaches
  A goblin (D:2)
  A hobgoblin (D:1)
  4 jackals (D:1)
  10 kobolds (D:1)
  2 quokkas (D:1)
  3 ball pythons (D:1)
  2 bats
  6 frilled lizards (D:1)
  A rat (D:1)
43 creatures vanquished.

Notes
Turn   | Place    | Note
-------+----------+-------------------------------------------
     0 | D:1      | robertstho the Minotaur Berserker began the quest for the
                  | Orb.
     0 | D:1      | Reached XP level 1. HP: 19/19 MP: 0/0
   333 | D:1      | Reached XP level 2. HP: 10/27 MP: 1/1
  1162 | D:1      | Reached XP level 3. HP: 34/34 MP: 2/2
  1166 | D:1      | Reached ** piety under Trog
  1712 | D:2      | HP: 2/51 [frozen (4)]
  1714 | D:2      | Succumbed to an adder's poison

Illustrated notes

Levels and vault maps discovered:
D:1:      lordsloth_arrival_two_stooges, layout_basic, minmay_split_cup_large
D:2:      cheibrodos_helix_gallery, layout_basic, basic_altar,
          ebering_ecumenical_altar_abandoned

Skill      XL: |  1  2  3 |
---------------+----------+-----
Fighting       | 4 |  4.8
Long Blades    | 4 |  4.3
Armour         | 3 |  3.1
Dodging        | |  2.5

Action                   || total
-------------------------++-------
Melee: Falchion          ||    79
       Headbutt          ||     9
Invok: Berserk           ||     5
Armor: Animal skin       ||    23
Dodge: Dodged            ||    64
       Rpst.: Falchion   ||    10

Table legend: (Time is in decaauts)
 A = Elapsed time spent in this place.
 B = Non-inter-level travel time spent in this place.
 C = Inter-level travel time spent in this place.
 D = Time resting spent in this place.
 E = Time spent auto-exploring this place.
 F = Levels seen in this place.
 G = Mean time per level.
                   A        B        C        D        E       F      G
               +--------+--------+--------+--------+--------+-----+--------+
         Total |   1763 |   1740 |     23 |    235 |   1269 |   2 |  881.5 |
       Dungeon |   1763 |   1740 |     23 |    235 |   1269 |   2 |  881.5 |
               +--------+--------+--------+--------+--------+-----+--------+

Top non-repeatable levels by time:
     D:1: 1717 daAuts
     D:2: 45 daAuts
